Map: Eternal Empire LE

Players

GOStephano (Stephano) - Winner!

  • Race: Zerg Zerg
  • League: Grandmaster
  • Spawn Location: 7:00

HellraiseR

  • Race: Protoss Protoss
  • League: Grandmaster
  • Spawn Location: 1:00

Event: DreamHack SC2 Masters 2020 Summer Europe

VOD

Have the link to the VOD?

Description

Time

  • Played on: July 2, 2020, 10:37 a.m.
  • Length: 13:05

All games in this series

Show
View Real Time Build Order
Export as new Build Order

GOStephano Zerg - Winner!

Build Orders: Hatch First 

Get SALT Encoding   

  12  0:00  Drone  
  13  0:12  Overlord  
  13  0:17  Drone  
  14  0:30  Drone x2  
  16  0:47  Hatchery  
  15  0:50  Drone  
  15  0:54  Drone  
  17  0:57  Drone  
  18  1:07  Extractor  
  17  1:13  Spawning Pool  
  17  1:16  Drone  
  17  1:19  Drone  
  18  1:27  Drone  
  19  1:38  Drone  
  20  1:51  Drone  
  21  1:59  Queen x2  
  21  2:00  Zergling x4  
  27  2:10  Drone  
  27  2:11  Overlord  
  28  2:15  Metabolic Boost  
  28  2:31  Hatchery  
  28  2:32  Drone  
  28  2:35  Drone  
  29  2:41  Queen  
  31  2:44  Drone  
  31  2:46  Drone  
  33  2:51  Overlord  
  33  2:55  Drone  
  33  2:58  Drone  
  35  3:00  Drone  
  36  3:10  Drone x2  
  36  3:11  Drone  
  36  3:12  Drone x2  
  41  3:13  Drone  
  41  3:19  Queen  
  44  3:26  Spore Crawler  
  43  3:27  Drone  
  43  3:31  Overlord  
  44  3:43  Drone, Queen  
  44  3:44  Drone x2  
  44  3:45  Zergling x2  
  50  3:50  Drone x2  
  50  3:53  Drone x3  
  55  3:57  Drone  
  55  3:59  Drone x2  
  55  4:00  Roach Warren  
  57  4:03  Overlord  
  57  4:07  Drone  
  58  4:14  Overlord  
  58  4:18  Overlord  
  58  4:21  Spore Crawler  
  58  4:23  Spore Crawler  
  56  4:24  Overlord  
  56  4:25  Zergling x10  
  56  4:30  Queen  
  63  4:32  Zergling x6  
  66  4:43  Roach x5  
  74  4:46  Roach x2  
  74  4:50  Roach  
  74  4:51  Roach  
  82  5:00  Drone x3  
  82  5:01  Drone x4  
  89  5:07  Overlord  
  89  5:12  Overlord  
  89  5:13  Overlord  
  89  5:16  Overlord  
  89  5:18  Overlord  
  89  5:22  Overlord  
  89  5:25  Overlord, Spine Crawler  
  90  5:28  Roach x4  
  96  5:36  Roach x3  
  96  5:40  Roach  
  104  5:47  Roach  
  92  6:04  Roach  
  92  6:07  Overlord  
  92  6:08  Zergling x20  
  100  6:16  Roach  
  99  6:24  Zergling x10  
  95  6:35  Roach  
  95  6:39  Zergling x6  
  92  6:46  Zergling x6  
  91  6:52  Evolution Chamber  
  84  6:55  Roach  
  84  6:57  Overlord  
  84  6:59  Overlord  
  83  7:10  Drone x3  
  83  7:13  Extractor  
  83  7:15  Extractor  
  81  7:23  Drone x6  
  87  7:33  Overlord x2  
  87  7:42  Overlord, Extractor  
  86  7:44  Overlord  
  86  7:51  Overlord  
  86  7:57  Overlord  
  86  7:59  Roach x3  
  86  8:00  Overlord  
  86  8:01  Drone x3  
  95  8:09  Overlord  
  95  8:11  Overlord  
  89  8:21  Drone x8  
  97  8:27  Drone x3  
  97  8:30  Lair  
  97  8:32  Drone x3, Extractor  
  97  8:33  Drone  
  103  8:39  Extractor  
  103  8:40  Drone x6, Extractor  
  103  8:41  Evolution Chamber  
  106  8:47  Hatchery  
  105  8:52  Drone x4  
  109  9:10  Roach x7  
  109  9:11  Roach x3  
  109  9:12  Zerg Missile Weapons Level 1  
  129  9:17  Overlord x2  
  129  9:25  Unknown  
  129  9:27  Overseer  
  129  9:29  Glial Reconstitution  
  128  9:34  Roach x12  
  152  9:48  Roach x3  
  152  9:49  Overlord  
  158  9:55  Ravager x3  
  158  9:56  Ravager, Zergling x14  
  169  10:01  Ravager  
  169  10:05  Ravager  
  171  10:11  Ravager, Zergling x2  
  171  10:12  Zergling x8  
  171  10:13  Hatchery  
  176  10:19  Ravager  
  176  10:20  Ravager x2, Zergling x4  
  176  10:21  Zergling x8  
  181  10:36  Zergling x18  
  187  10:46  Zergling x12  
  188  10:55  Ravager x4  
  188  10:56  Ravager x3  
  195  10:58  Zergling x8  
  199  11:04  Unknown  
  198  11:20  Unknown  
  198  11:22  Zergling x8  
  193  11:34  Zergling x8  
  193  11:35  Zergling x10  
  200  11:48  Hydralisk Den  
  200  11:49  Infestation Pit  
  200  11:50  Zergling x4  
  200  11:51  Zergling x14  
  197  11:59  Roach x6  
  192  12:03  Zergling x4  
  192  12:04  Zergling x14  
  188  12:13  Zergling x12  
  174  12:22  Roach x6  
  180  12:25  Zergling x2  
  180  12:26  Zergling x4  
  165  12:35  Drone x7  
  170  12:42  Zergling x8  
Show
View Real Time Build Order
Export as new Build Order

HellraiseR Protoss 

Build Orders: 1 Gate Expand, Mass Adepts 

Get SALT Encoding   

  12  0:00  Probe  
  13  0:12  Probe  
  14  0:20  Pylon  
  14  0:23  Probe  
  15  0:34  Probe  
  15  0:38  Gateway  
  16  0:43  Probe  
  16  0:47  Assimilator  
  17  0:55  Probe  
  18  1:07  Probe  
  19  1:19  Probe  
  20  1:26  Nexus  
  20  1:34  Cybernetics Core  
  20  1:36  Probe  
  21  1:45  Assimilator  
  21  1:48  Probe  
  22  1:54  Pylon  
  22  2:00  Probe  
  23  2:02  Adept  
  23  2:08  Probe  
  23  2:12  Warp Gate  
  26  2:16  Probe  
  27  2:24  Twilight Council  
  27  2:26  Probe  
  28  2:32  Stalker  
  28  2:36  Probe  
  30  2:39  Probe  
  30  2:44  Probe  
  34  2:51  Probe  
  34  2:52  Robotics Facility  
  34  2:54  Probe  
  35  3:01  Resonating Glaives  
  35  3:03  Probe  
  36  3:06  Probe  
  36  3:07  Gateway  
  37  3:15  Adept  
  37  3:17  Probe  
  41  3:20  Probe  
  41  3:28  Gateway  
  41  3:31  Gateway, Warp Prism  
  43  3:45  Pylon  
  45  3:55  Gateway  
  43  3:56  Gateway  
  43  4:01  Adept  
  45  4:03  Adept  
  45  4:06  Pylon  
  45  4:09  Observer  
  48  4:10  Probe  
  48  4:16  Probe  
  50  4:20  Pylon  
  50  4:30  Adept x4  
  58  4:33  Pylon  
  58  4:35  Probe  
  57  4:52  Adept x2  
  57  4:53  Adept x3  
  57  4:55  Adept  
  57  4:59  Pylon  
  69  5:01  Probe  
  70  5:20  Adept x6  
  82  5:24  Pylon  
  84  5:32  Pylon  
  82  5:49  Adept x6  
  82  6:09  Adept x6  
  81  6:20  Probe  
  74  6:34  Adept x6  
  74  6:35  Probe  
  81  6:45  Probe  
  76  6:50  Immortal  
  76  6:51  Probe  
  69  6:57  Probe  
  69  7:00  Adept  
  69  7:01  Adept x5  
  76  7:03  Probe  
  63  7:09  Probe  
  60  7:16  Adept x5  
  60  7:18  Adept  
  60  7:21  Immortal  
  74  7:27  Assimilator  
  72  7:31  Assimilator  
  76  7:42  Nexus  
  76  7:46  Adept x4  
  76  7:47  Probe  
  84  7:52  Probe  
  84  7:53  Immortal  
  85  7:59  Probe  
  86  8:10  Nexus  
  90  8:13  Probe  
  90  8:16  Blink  
  90  8:18  Forge  
  91  8:25  Immortal  
  91  8:32  Protoss Ground Weapons Level 1  
  91  8:33  Probe x2  
  93  8:39  Pylon  
  95  8:41  Probe x2  
  95  8:46  Sentry x2  
  101  8:49  Probe  
  101  8:55  Probe  
  102  8:57  Zealot  
  102  9:02  Probe  
  106  9:04  Observer  
  106  9:07  Sentry, Probe  
  106  9:09  Photon Cannon  
  110  9:12  Gateway x2  
  110  9:16  Immortal  
  111  9:24  Probe  
  111  9:30  Assimilator  
  117  9:33  Sentry x2  
  117  9:34  Assimilator  
  119  9:39  Probe  
  119  9:41  Pylon  
  120  9:47  Stalker x2  
  124  9:55  Photon Cannon  
  124  9:57  Photon Cannon  
  124  10:03  Sentry, Pylon  
  124  10:04  Stalker x2  
  124  10:06  Pylon  
  130  10:08  Stalker  
  130  10:14  Pylon  
  132  10:42  Stalker x5  
  138  10:45  Stalker x3  
  138  10:48  Immortal  
  130  10:53  Stalker  
  128  10:58  Robotics Bay  
  128  11:00  Charge  
  128  11:03  Shield Battery  
  132  11:11  Probe  
  133  11:13  Probe  
  133  11:14  Probe  
  135  11:19  Nexus  
  135  11:21  Pylon  
  135  11:24  Stalker x3  
  141  11:27  Zealot  
  139  11:36  Disruptor  
  139  11:37  Sentry x2, Stalker  
  139  11:38  Stalker  
  134  11:58  Stalker x4  
  134  12:08  Stalker x3  
  118  12:09  Disruptor  
  107  12:20  Stalker  
  107  12:21  Stalker  
  106  12:28  Probe  
  107  12:33  Probe  
  106  12:43  Photon Cannon, Probe x2  
  106  12:56  Stalker x4  
Tags
 
Add a new tag
Caveats
  • Supply blocks, unpowered buildings, or Contaminate may cause inaccurate times.
  • Supply counts are checked every 10 seconds.